 Dungeon Crawl Stone Soup version 0.27-a0-1090-gb115f176c6 (webtiles) character file.

Game seed: 8546763903972628052

13 snetch the Magician (level 2, -3/21 HPs)
             Began as a Djinni Fire Elementalist on Apr 27, 2021.
             Slain by a goblin
             ... wielding a +0 dagger
             ... led by Robin
              (4 damage)
             ... on level 2 of the Dungeon.
             The game lasted 00:01:06 (182 turns).

snetch the Magician (Djinni Fire Elementalist)       Turns: 182, Time: 00:01:07

Health: -3/21      AC:  2    Str:  7    XL:     2   Next: 37%
Gold:   0          EV: 12    Int: 16    God:
                   SH:  0    Dex: 13

rFire    + + .     SeeInvis .   c - +0 long sword (flame)
rCold    x . .     Faith    .   (no shield)
rNeg     . . .     Spirit   .   a - +0 robe
rPois    ∞         Reflect  .   (no helmet)
rElec    .         Harm     .   (no cloak)
rCorr    .         Rampage  .   (no gloves)
Will     .....                  (boots unavailable)
Stlth    ++........             (no amulet)
HPRegen  0.07/turn              (no ring)
MPRegen  0.00/turn              (no ring)

@: flying
A: fire resistance 2, cold vulnerability 1, float, innate caster, hp casting,
extra vitality 1
a: no special abilities


You were on level 2 of the Dungeon.
You visited 1 branch of the dungeon, and saw 3 of its levels.

Inventory:

Hand Weapons
 c - a +0 long sword of flaming (weapon)
Armour
 a - a +0 robe (worn)
 b - a +0 kite shield


   Skills:
 + Level 2.3 Dodging
 + Level 1.6 Stealth
 + Level 3.2 Spellcasting


You couldn't memorise any spells.
You knew the following spells:

 Your Spells              Type           Power      Damage    Failure   Level
a - Foxfire               Conj/Fire      48%        2x1d6     4%          1
b - Conjure Flame         Conj/Fire      12%        6-21      14%         3
c - Inner Flame           Hex/Fire       12%        N/A       14%         3
d - Sticky Flame          Conj/Fire      12%        2d4       43%         4
e - Fireball              Conj/Fire      6%         3d5       80%         5
Your spell library was empty.

Dungeon Overview and Level Annotations

Branches:
Dungeon (3/15)

Altars:

Annotations:
D:2 Robin


Innate Abilities, Weirdness & Mutations

You are immune to poison.
Your flesh is very heat resistant. (rF++)
You are vulnerable to cold. (rC-)
You float through the air rather than walking.
You learn spells naturally, not from books.
Your magical power is your life essence.
You have superior vitality. (+4 HP)


Message History

Unknown command.
The frilled lizard unfolds its giant frill.
Robin throws the goblin at you!
* * * LOW HITPOINT WARNING * * *
Sorry, you're not good enough to have a special ability.
Casting: Foxfire (safe; 5% risk of failure)
Confirm with . or Enter, or press ? or * to list all spells.
You conjure some foxfire!
* * * LOW HITPOINT WARNING * * *
The goblin misses you.
You riposte.
You barely miss the goblin. The goblin hits you with a +0 dagger.
* * * LOW HITPOINT WARNING * * *
Your magical contamination has completely faded away.
Casting: Foxfire (safe; 5% risk of failure)
Confirm with . or Enter, or press ? or * to list all spells.
You conjure some foxfire!
* * * LOW HITPOINT WARNING * * *
The foxfire hits the goblin.
You kill the goblin!
The foxfire hits the goblin.
You kill the goblin!
The hobgoblin closely misses you. The goblin closely misses you.
You riposte.
You slash the goblin! You burn the goblin.
You kill the goblin!
Robin laughs in a distinctly smug fashion.
Casting: Foxfire (safe; 5% risk of failure)
Confirm with . or Enter, or press ? or * to list all spells.
You don't have enough health to cast this spell.
The foxfire hits the goblin.
You kill the goblin!
The foxfire hits the hobgoblin.
You kill the hobgoblin!
Robin roars a battlecry!
The goblins go into a battle-frenzy!
Unknown command.
Robin roars a battlecry!
The goblin goes into a battle-frenzy!
You reach down and open the door.
You closely miss the hobgoblin. The goblin hits you with a +0 dagger.
You die...

### . .. .. .# +# g..
#########g#####.#...
#.......@g...ggg'. .
#.......g.)l..#.#....
#..........).>).)....
#..........†.########
#............#
#............#
#............#
#............#
#............#


You could see Robin, 2 hobgoblins, 3 goblins and a frilled lizard.

Vanquished Creatures
  A dart slug (D:2)
  6 goblins (D:2)
  A hobgoblin (D:2)
  A kobold (D:3)
  2 rats (D:2)
11 creatures vanquished.

Vanquished Creatures (others)
  22 foxfires
22 creatures vanquished.

Grand Total: 33 creatures vanquished

Notes
Turn   | Place    | Note
-------+----------+-------------------------------------------
     0 | D:1      | snetch the Djinni Fire Elementalist began the quest for the
                  | Orb.
     0 | D:1      | Reached XP level 1. HP: 15/15 MP: 0/0
   171 | D:2      | Noticed Robin
   173 | D:2      | Reached skill level 3 in Spellcasting
   173 | D:2      | Reached XP level 2. HP: 12/21 MP: 0/0
   182 | D:2      | Slain by a goblin

Illustrated notes

Levels and vault maps discovered:
D:1:      ebering_trefoil_twist, layout_basic,
          hellmonk_ecumenical_altar_pennies_from_heaven, kennysheep_flooded_box,
          minmay_misc_feat_nine_boxes
D:2:      layout_basic, minmay_cut_off, uniq_crazy_yiuf_cottage, uniq_robin,
          uniq_natasha
D:3:      layout_basic

Skill      XL: |  1 |
---------------+----+-----
Spellcasting   | 3 |  3.2
Dodging        | |  2.3
Stealth        | |  1.6

Action                   || total
-------------------------++-------
Melee: Long sword        ||     1
 Cast: Foxfire           ||    12
Armor: Robe              ||     1
Dodge: Dodged            ||     5
       Rpst.: Long sword ||     2

Table legend: (Time is in decaauts)
 A = Elapsed time spent in this place.
 B = Non-inter-level travel time spent in this place.
 C = Inter-level travel time spent in this place.
 D = Time resting spent in this place.
 E = Time spent auto-exploring this place.
 F = Levels seen in this place.
 G = Mean time per level.
                   A        B        C        D        E       F      G
               +--------+--------+--------+--------+--------+-----+--------+
         Total |    182 |    182 |      0 |    109 |      8 |   3 |   60.7 |
       Dungeon |    182 |    182 |      0 |    109 |      8 |   3 |   60.7 |
               +--------+--------+--------+--------+--------+-----+--------+

Top non-repeatable levels by time:
     D:3: 130 daAuts
     D:2: 40 daAuts
     D:1: 11 daAuts
